 Dungeon Crawl Stone Soup version 0.21.1-1-g345015f (webtiles) character file.

48 Heatsaber the Grave Robber (level 3, -4/16 HPs)
             Began as a Vine Stalker Necromancer on May 21, 2018.
             Slain by a gnoll
             ... wielding a +0 flail
              (9 damage)
             ... on level 1 of the Dungeon.
             The game lasted 00:10:57 (1769 turns).

Heatsaber the Grave Robber (VSNe)                   Turns: 1769, Time: 00:10:57

Health: -4/16      AC:  4    Str: 11    XL:     3   Next: 72%
Magic:  0/8        EV: 12    Int: 15    God:
Gold:   81         SH:  0    Dex: 14    Spells: 3/8 levels left

rFire    . . .     SeeInvis .   e - +0 dagger
rCold    . . .     Gourm    .   (no shield)
rNeg     . . .     Faith    .   a - +0 robe
rPois    .         Spirit   +   i - +0 helmet
rElec    .         Reflect  .   (no cloak)
rCorr    .         Harm     .   (no gloves)
MR       .....                  g - +0 pair of boots
Stlth    ++........             (no amulet)
HPRegen  0.05/turn              (no ring)
MPRegen  0.11/turn              (no ring)

@: no status effects
A: fangs 2, magic shield, antimagic bite, no potion heal 3, rot immunity
a: no special abilities


You were on level 1 of the Dungeon.
You were not hungry.

You visited 1 branch of the dungeon, and saw 2 of its levels.

You collected 81 gold pieces.

Inventory:

Hand Weapons
 e - a +0 dagger (weapon)
Armour
 a - a +0 robe (worn)
 g - a +0 pair of boots (worn)
 i - a +0 helmet (worn)
 j - a +0 scale mail
Scrolls
 h - a scroll of amnesia {unknown}
 k - a scroll of identify {unknown}
 l - a scroll of noise {unknown}
Potions
 f - 2 potions of mutation {unknown}
Books
 b - a book of Necromancy

   Spells                             Type                      Level
   a - Pain                           Necromancy                   1
   b - Animate Skeleton               Necromancy                   1
   c - Vampiric Draining              Necromancy                   3
   d - Regeneration                   Charms/Necromancy            3
   e - Animate Dead                   Necromancy                   4
   f - Borgnjor's Vile Clutch         Necromancy/Earth             5
Comestibles
 c - 2 rations
 d - a chunk of flesh


   Skills:
 + Level 1.2 Short Blades
 - Level 1.5 Dodging
 - Level 2.4 Stealth
 + Level 3.0 Spellcasting
 + Level 4.5 Necromancy


You had 3 spell levels left.
You knew the following spells:

 Your Spells              Type           Power        Failure   Level  Hunger
a - Pain                  Necr           ###.         3%          1    #......
b - Animate Skeleton      Necr           N/A          3%          1    #......
c - Vampiric Draining     Necr           ###.......   10%         3    ###....


Dungeon Overview and Level Annotations

Branches:
Dungeon (2/15)

Altars:


Innate Abilities, Weirdness & Mutations

You have extremely sharp teeth.
When hurt, damage is shared between your health and your magic reserves.
Your bite disrupts and absorbs the magic of your enemies.
Potions cannot restore your health.
You are immune to rotting.


Message History

Casting: Pain
Confirm with . or Enter, or press ? or * to list all spells.
Aiming: Vampiric Draining
Press: ? - help, Shift-Dir - straight line, f - gnoll
Aim: a gnoll, wielding a flail The gnoll is heavily wounded.
You feel life coursing into your body. The gnoll barely misses you.
You hit the gnoll.
The gnoll is severely wounded.
You hit the gnoll. Your bite misses the gnoll.
The gnoll is almost dead.
The gnoll closely misses you.
You closely miss the gnoll. Your bite misses the gnoll.
The gnoll is almost dead.
The gnoll hits you with a flail!
You barely miss the gnoll.
The gnoll is almost dead.
The gnoll hits you with a flail!
Ouch! That really hurt!
You die...

# #.....##..# #.#...# #
#.....##..# #.#Z###
######.....###.## #.#.#
....##.....# #..# ####.#Z###
....##....[# #..## #....#.#.#
....##.....####..####.####.#.#
....#.................# #.#.#
..###'###........g..### #.#.#
..#.....##......@...# #.#.##
..#.....##..........# #.#..#
..#.....##...###'##.# #.##.#
..#.....##...#......# #....#
###.#.#.######.###### ######
..).#.#......#.#
.)###.###....#.#
.............'.#
..###.###....###


You could see a gnoll.

Vanquished Creatures
  A gnoll (D:2)
  2 dart slugs (D:1)
  2 giant cockroaches (D:1)
  4 goblins
  A hobgoblin (D:1)
  A jackal (D:1)
  3 bats
  3 frilled lizards
  5 kobolds
  4 rats (D:1)
26 creatures vanquished.

Vanquished Creatures (collateral kills)
  A gnoll (D:2)
  A bat (D:1)
  A goblin (D:1)
  A jackal (D:1)
4 creatures vanquished.

Grand Total: 30 creatures vanquished

Notes
Turn   | Place    | Note
-------+----------+-------------------------------------------
     0 | D:1      | Heatsaber the Vine Stalker Necromancer began the quest for the Orb.
     0 | D:1      | Reached XP level 1. HP: 9/9 MP: 4/4
    16 | D:1      | Learned a level 1 spell: Animate Skeleton
   166 | D:1      | Reached XP level 2. HP: 5/13 MP: 1/6
   968 | D:1      | Reached XP level 3. HP: 13/16 MP: 2/8
  1212 | D:2      | Learned a level 3 spell: Vampiric Draining
  1580 | D:2      | Reached skill level 1 in Short Blades
  1769 | D:1      | Slain by a gnoll

Skill      XL: |  1  2  3 |
---------------+----------+-----
Short Blades   | 1 |  1.2
Spellcasting   | 3 |  3.0
Dodging        | |  1.5
Stealth        | |  2.4
Necromancy     | |  4.5

Action                   || total
-------------------------++-------
Melee: Dagger            ||    17
       Bite              ||     4
 Cast: Pain              ||    54
       Animate Skeleton  ||    11
       Vampiric Draining ||     1
 Stab: Sleeping          ||     2
  Eat: Chunk             ||     3
Armor: Robe              ||     8
Dodge: Dodged            ||    19
